[Event "Team 45 45 League T43"]
[Site "Internet Chess Club"]
[Date "2009.11.03"]
[Round "1"]
[White "Holzschlange"]
[Black "bogolijubov"]
[Result "1/2-1/2"]
[WhiteElo "1921"]
[BlackElo "1936"]
[Opening "English opening"]
[ECO "A20"]
[Time "19:00:26"]
[TimeControl "2700+45"]

1. c4 e5 2. g3 Nf6 3. Bg2 Nc6 4. Nc3 Bc5 5. Nf3 d6 6. d3 h6 7. O-O O-O 8. a3 a5
9. b3 Be6 10. Bb2 Re8 11. Rc1 Qd7 12. Re1 Bb6 13. Na4 Ba7 14. c5 Bg4 15. e3 e4
16. dxe4 Nxe4 17. Qd3 Nxc5 18. Nxc5 Bxc5 19. Qc3 f6 {Game drawn by mutual
agreement} 1/2-1/2

[Event "Team 45 45 League T42"]
[Site "Internet Chess Club"]
[Date "2009.10.29"]
[Round "1"]
[White "Gwyddbwyll"]
[Black "monsterpawn"]
[Result "1-0"]
[WhiteElo "1876"]
[BlackElo "1835"]
[Opening "Sicilian: Smith-Morra gambit"]
[ECO "B21"]
[Time "17:18:29"]
[TimeControl "2700+45"]

1. e4 c5 2. d4 cxd4 3. c3 dxc3 4. Nxc3 Nc6 5. Nf3 e6 6. Bc4 a6 7. O-O Nge7 8.
Bg5 f6 9. Be3 b5 10. Bb3 Na5 11. Bxe6 dxe6 12. Qxd8+ Kxd8 13. Bb6+ Ke8 14. Bxa5
Nc6 15. Bb6 Rb8 16. Be3 Be7 17. Rac1 Kf7 18. Bf4 Rb7 19. Rfd1 h5 20. e5 g5 21.
exf6 gxf4 22. fxe7 Rg8 23. e8=N Kxe8 24. Ne4 Rxg2+ 25. Kxg2 Rg7+ 26. Kh1 Bb7 27.
Nd6+ {Black resigns} 1-0

[Event "Team 45 45 League T43"]
[Site "Internet Chess Club"]
[Date "2009.10.30"]
[Round "1"]
[White "martineden"]
[Black "CHESSISTA1"]
[Result "1/2-1/2"]
[WhiteElo "1925"]
[BlackElo "1757"]
[Opening "King's Indian, 3.Nf3"]
[ECO "E60"]
[Time "09:16:40"]
[TimeControl "2700+45"]

1. d4 Nf6 2. c4 g6 3. Nf3 Bg7 4. g3 O-O 5. Nc3 d5 6. cxd5 Nxd5 7. Bg2 c6 8. O-O
Nd7 9. Nxd5 cxd5 10. Qb3 Nb6 11. a4 Bg4 12. e3 e6 13. Ne5 Be2 14. Re1 Ba6 15.
Bd2 Nd7 16. Bb4 Re8 17. Nd3 Bc4 18. Qa3 Rc8 19. Nf4 a5 20. Bd6 Nf6 21. b3 Ba6
22. Rac1 Qd7 23. Be5 Bf8 24. Qb2 Ng4 25. Bf3 Nxe5 26. dxe5 Bg7 27. Be2 Bxe2 28.
Nxe2 Rxc1 29. Rxc1 Rc8 30. f4 Rxc1+ 31. Qxc1 b5 32. Qc2 bxa4 33. bxa4 Bf8 34.
Kf2 Qb7 35. Nd4 Qb4 {Game drawn by mutual agreement} 1/2-1/2

[Event "Team 45 45 League T43"]
[Site "Internet Chess Club"]
[Date "2009.11.01"]
[Round "1"]
[White "makito"]
[Black "chess9397"]
[Result "1-0"]
[WhiteElo "1877"]
[BlackElo "1860"]
[Opening "Nimzo-Indian: Kmoch variation"]
[ECO "E20"]
[Time "10:49:51"]
[TimeControl "2700+45"]

1. d4 Nf6 2. c4 e6 3. Nc3 Bb4 4. f3 b6 5. e4 d5 6. cxd5 Bxc3+ 7. bxc3 exd5 8.
Qc2 Bb7 9. e5 Nfd7 10. Bd3 c5 11. Be3 Nc6 12. Ne2 Rc8 13. Qb2 c4 14. Bf5 Ne7 15.
Bh3 Ng6 16. Ng3 O-O 17. Nf5 Ba8 18. O-O Rb8 19. Qf2 h6 20. Qg3 Bc6 21. f4 Kh7
22. Nd6 Qh4 23. Qf3 Qe7 24. Bf5 Kg8 25. Qg4 Rfd8 26. g3 Ndf8 27. Rae1 Bd7 28.
Bxd7 Nxd7 29. f5 Ngxe5 30. dxe5 Nxe5 31. Bf4 Nxg4 32. Rxe7 Rf8 33. Rxa7 Ra8 34.
Rxa8 Rxa8 35. Ra1 Nf6 36. Be3 Nd7 37. a3 Nc5 38. Bxc5 bxc5 39. a4 Kf8 40. Kf2
Ke7 41. Nb5 Kd7 42. Ke3 Kc6 43. Kf4 Re8 44. Na3 Rb8 45. h3 Ra8 46. Nc2 d4 47.
cxd4 cxd4 48. Nxd4+ Kc5 49. Nc2 c3 50. Ke3 Kc4 51. a5 Re8+ 52. Kf3 Kb3 53. Nd4+
Kb2 54. Ra4 c2 55. Nxc2 Kxc2 56. a6 Kb3 57. Ra5 Kb4 58. Ra1 Kb5 59. a7 Ra8 60.
Ke4 Kc6 61. g4 Re8+ 62. Kd4 Kb7 63. a8=Q+ Rxa8 64. Rxa8 Kxa8 65. Kc5 Kb7 66. Kd6
Kc8 67. Ke7 g6 68. Kxf7 gxf5 69. gxf5 Kd7 70. Kg7 Ke7 71. f6+ Ke6 72. f7 Kf5 73.
f8=Q+ Kg5 74. Qf6+ Kh5 75. Qxh6# {Black checkmated} 1-0

[Event "Team 45 45 League T43"]
[Site "Internet Chess Club"]
[Date "2009.11.01"]
[Round "1"]
[White "chess9793"]
[Black "Kravier"]
[Result "1-0"]
[WhiteElo "1847"]
[BlackElo "1727"]
[Opening "Caro-Kann: exchange variation"]
[ECO "B13"]
[Time "22:09:27"]
[TimeControl "2700+45"]

1. e4 c6 2. d4 d5 3. exd5 cxd5 4. Bd3 Nc6 5. c3 e6 6. Bf4 Bd6 7. Bxd6 Qxd6 8.
Nf3 Nf6 9. O-O O-O 10. Qe2 Re8 11. Nbd2 e5 12. dxe5 Nxe5 13. Nxe5 Rxe5 14. Qf3
Rh5 15. Qg3 Qb6 16. Nb3 Bf5 17. Bxf5 Rxf5 18. Qd3 Rh5 19. Nd4 Qd6 20. Nf3 Rd8
21. Rad1 Ng4 22. h3 Ne5 23. Nxe5 Rxe5 24. Rd2 a6 25. Rfd1 Qe6 26. Qf3 Re1+ 27.
Kh2 Rxd1 28. Rxd1 g6 29. Rd4 b5 30. Qf4 Rd6 31. b3 Rc6 32. Qd2 Qc8 33. Rxd5 Qc7+
34. g3 Rxc3 35. Rd8+ Kg7 36. Qd4+ Kh6 37. Rg8 Qc5 38. Qg7+ Kg5 39. Qxf7 Rxg3 40.
fxg3 Qc2+ 41. Kg1 Qd1+ 42. Qf1 Qd4+ 43. Kh2 Qd2+ 44. Qg2 Qd1 45. Qf2 Qd6 46.
Qf4+ Qxf4 47. gxf4+ Kxf4 48. Ra8 h5 49. Rxa6 g5 50. Ra5 g4 51. hxg4 hxg4 52.
Rxb5 Kf3 53. Rf5+ Ke4 54. Rf8 {Black resigns} 1-0